 Dungeon Sprint DCSS version 0.19-a0-895-gdbd5520 (webtiles) character file.

1610 LORDOFBUTT the Grappler (level 8, -5/93 HPs)
             Began as a Troll Berserker on July 4, 2016.
             Was an Elder of Trog.
             Succumbed to poison (poison gas)
             ... in the Dungeon (Sprint II: "The Violet Keep of Menkaure").
             The game lasted 00:02:04 (302 turns).

LORDOFBUTT the Grappler (Troll Berserker)            Turns: 302, Time: 00:02:05

Health: -5/93      AC:  5    Str: 28    XL:     8   Next: 63%
Magic:  7/7        EV: 14    Int:  3    God:    Trog [****..]
Gold:   972        SH:  0    Dex: 11    Spells: 0 memorised, 7 levels left

rFire  . . .     SeeInvis .       - Unarmed
rCold  . . .     Gourm    +     a - +0 animal skin
rNeg   . . .     Faith    .     (no shield)
rPois  .         Spirit   .     (helmet restricted)
rElec  .         Dismiss  .     (no cloak)
rCorr  .         Reflect  .     (gloves unavailable)
SustAt .         Harm     .     (boots unavailable)
MR     .....     NoTele   +     (no amulet)
Stlth  +.........               (no ring)
                                (no ring)

@: lethally poisoned (-5 -> -58), exhausted, slowed, very slow, not resistant to
hostile enchantments, very unstealthy
A: unfitting armour, claws 3, fast metabolism 3, gourmand, regeneration 2,
shaggy fur 1, strong 1, tough skin 2, subdued magic 1
a: Berserk, Trog's Hand, Brothers in Arms, Burn Spellbooks, Renounce Religion


You were in the Dungeon.
You worshipped Trog.
Trog was greatly pleased with you.
You were not hungry.

You visited 1 branch You collected 972 gold pieces.

Inventory:

Armour
 a - a +0 animal skin (worn)
Wands
 i - a wand of teleportation (3/9)
Scrolls
 h - a scroll of blinking
Potions
 c - a potion of curing
 d - a potion of heal wounds
 e - a potion of haste
 f - 2 potions of magic
 g - a potion of berserk rage
Comestibles
 b - a bread ration


   Skills:
 + Level 9.9 Fighting
 + Level 9.2 Dodging
 + Level 1.1 Stealth
 + Level 11.9 Unarmed Combat


You had 7 spell levels left.
You didn't know any spells.

Dungeon Overview and Level Annotations

Branches:
Dungeon (1/1)

Altars:

Shops:
D =%:(?=}:!!%[(%[*

Annotations:
D exclusion: oklob plant


Innate Abilities, Weirdness & Mutations

You are too large for most types of armour.
You have claws for hands.
Your metabolism is lightning-fast.
You like to eat raw meat.
You heal very quickly.
You are covered in fur. (AC +1)
You have very tough skin. (AC +2)
Your muscles are strong. (Str +2)
Your spells are a little easier to cast, but a little less powerful.


Message History

You feel a strong urge to attack something.
You feel very sick.
You feel very sick.
There is an open gate here.
You enter the shallow water.
Moving in this stuff is going to be slow.
You feel your anger subside.
You are engulfed in poison gas.
You are more poisoned.
You are no longer berserk.
You are exhausted.
You feel yourself slow down.
You feel very sick.
You're standing in a cloud of poison gas!
You're standing in a cloud of poison gas!
You are engulfed in poison gas.
You are more poisoned.
* * * LOW HITPOINT WARNING * * *
x2 You feel extremely sick.
You die...

##∩.∩.∩.∩.#≈≈####%#†####..##
##.∩.∩.∩..#≈##.###'###.##..#
##..∩.∩...#≈#..###.##...#..#
##...⌠....'≈'##.'.<.'.##'..#
##........#≈#..###.####.#.§..#
#▓▓▓▓▓▓▓###≈##.###'###.##§.....
##(hh######≈≈####...### ≈≈.....
#!GG# ##≈≈≈#..##.# ≈≈≈≈≈≈..
#∩P$+ #'#@#### ##≈≈≈≈§≈≈≈. /.
#†#≈≈##+##≈≈§≈≈§≈§≈≈
####§§§≈≈≈≈≈≈§≈≈§≈≈§ #§§§#+++#
##§§§§§§.## ##§§§§§§§§.##
+.§§§§§§§§.§+ ##§§§§§§§§.##
##...§§§.##


There were no monsters in sight!

Vanquished Creatures
  An obsidian statue (D)
  4 neqoxecs (D)
  Menkaure (D)
  4 necrophages (D)
  A scorpion (D)
  4 worker ants (D)
  3 worms (D)
18 creatures vanquished.

Vanquished Creatures (others)
  A crocodile (D)
1 creature vanquished.

Grand Total: 19 creatures vanquished

Notes
Turn   | Place    | Note
-------+----------+-------------------------------------------
     0 | D        | LORDOFBUTT the Troll Berserker began the quest for the Orb.
     0 | D        | Reached XP level 1. HP: 22/22 MP: 0/0
     1 | D        | Noticed a worker ant
     1 | D        | Noticed a worker ant
     4 | D        | Killed a worker ant
     4 | D        | Reached skill level 4 in Unarmed Combat
     4 | D        | Reached XP level 2. HP: 31/31 MP: 1/1
     8 | D        | Reached skill level 5 in Unarmed Combat
     8 | D        | Reached XP level 3. HP: 39/39 MP: 2/2
    11 | D        | Reached ** piety under Trog
    11 | D        | Reached XP level 4. HP: 49/49 MP: 3/3
    32 | D        | Found Appiaxen's Antique Armour Emporium.
    32 | D        | Found Jiararchuo's Food Emporium.
    32 | D        | Found Jaddenn's Distillery.
    32 | D        | Found Nijuer's General Store.
    32 | D        | Found Kuixzimy's Food Shoppe.
    32 | D        | Found Kyadeowk's Weapon Shoppe.
    32 | D        | Found Cyusuec's Antique Armour Shoppe.
    33 | D        | Found Puil's Distillery.
    33 | D        | Found Dovon's Book Shoppe.
    42 | D        | Noticed a neqoxec
    42 | D        | Noticed a neqoxec
    42 | D        | Noticed a neqoxec
    42 | D        | Noticed a neqoxec
    44 | D        | Gained mutation: Your spells are a little easier to cast, but a little less powerful. [a neqoxec]
    50 | D        | Killed a neqoxec
    50 | D        | Reached skill level 7 in Unarmed Combat
    50 | D        | Reached XP level 5. HP: 50/61 MP: 4/4
    51 | D        | Gained mutation: Your muscles are strong. (Str +2) [a neqoxec]
    56 | D        | Killed a neqoxec
    56 | D        | Reached *** piety under Trog
    56 | D        | Reached skill level 8 in Unarmed Combat
    56 | D        | Reached XP level 6. HP: 71/71 MP: 5/5
    64 | D        | Killed a neqoxec
    64 | D        | Reached skill level 9 in Unarmed Combat
    69 | D        | Killed a neqoxec
    69 | D        | Reached XP level 7. HP: 78/80 MP: 6/6
   109 | D        | Reached skill level 10 in Unarmed Combat
   163 | D        | Reached **** piety under Trog
   195 | D        | Noticed Menkaure
   199 | D        | Killed Menkaure
   199 | D        | Reached skill level 11 in Unarmed Combat
   199 | D        | Reached XP level 8. HP: 92/92 MP: 7/7
   206 | D        | Found Oluetzur's Jewellery Emporium.
   206 | D        | Found Inisuiqi's Gadget Shoppe.
   207 | D        | Noticed a hell hog
   208 | D        | Noticed a hell hog
   235 | D        | Found Kixkip's Magic Scroll Emporium.
   235 | D        | Found Deaclal's Antique Weapon Shoppe.
   235 | D        | Noticed an oklob plant
   236 | D        | Noticed a shining eye
   236 | D        | Found Dycwogoe's Food Shoppe.
   236 | D        | Found Guati's Jewellery Emporium.
   236 | D        | Found Iruwaf's Book Shoppe.
   236 | D        | Noticed a shining eye
   285 | D        | Noticed an obsidian statue
   294 | D        | Noticed a sixfirhy
   294 | D        | Noticed a smoke demon
   296 | D        | Killed an obsidian statue
   296 | D        | Reached skill level 1 in Stealth
   302 | D        | Succumbed to poison (poison gas)

Vault maps used:
D:        the_violet_keep_of_menkaure

Skill      XL: |  1  2  3  4  5  6  7  8 |
---------------+-------------------------+-----
Fighting       | 3 4 6 7 8 9 |  9.9
Dodging        | 3 4 6 7 8 9 |  9.2
Unarmed Combat | 4 5 7 8 9 11 | 11.9
Stealth        | 1 |  1.1

Action                   |  1- 3 |  4- 6 |  7- 9 || total
-------------------------+-------+-------+-------++-------
Melee: Unarmed           |     6 |    25 |    17 ||    48
       Punch             |       |       |     2 ||     2
Invok: Berserk           |     1 |     1 |     3 ||     5
 Stab: Sleeping          |       |       |     1 ||     1
  Eat: Chunk             |       |       |     4 ||     4
       Bread ration      |       |       |     1 ||     1
Armor: Animal skin       |     2 |     1 |     1 ||     4
Dodge: Dodged            |     2 |     4 |    10 ||    16
